 Dungeon Crawl Stone Soup version 0.23-a0-677-g07611c5 (webtiles) character file.

1012 Amnesiac the Insei (level 8, -7/54 HPs)
             Began as an Octopode Transmuter on Jan 9, 2019.
             Killed by nerve-wracking pain
             ... invoked by an orc priest
              (14 damage)
             ... on level 5 of the Dungeon.
             The game lasted 00:07:09 (3855 turns).

Amnesiac the Insei (Octopode Transmuter)            Turns: 3855, Time: 00:07:10

Health: -7/54      AC:  1    Str:  9    XL:     8   Next: 21%
Magic:  9/11       EV: 15    Int: 16    God:
Gold:   215        SH:  0    Dex: 14    Spells: 6/12 levels left

rFire    . . .     SeeInvis .     - Unarmed
rCold    . . .     Gourm    .   (no shield)
rNeg     . . .     Faith    .   (helmet restricted)
rPois    .         Spirit   .   (no amulet)
rElec    .         Reflect  .   (no ring)
rCorr    .         Harm     .   (no ring)
MR       .....                  (no ring)
Stlth    ++........             (no ring)
HPRegen  0.18/turn              (no ring)
MPRegen  0.12/turn              (no ring)
                                (no ring)
                                (no ring)

@: no status effects
A: almost no armour, stealthy swim, amphibious, 8 rings, constrict 8, camouflage
1, gelatinous body 1
a: no special abilities


You were on level 5 of the Dungeon.
You were not hungry.

You visited 1 branch of the dungeon, and saw 5 of its levels.

You collected 215 gold pieces.

Inventory:

Hand Weapons
 k - a +0 blowgun
Missiles
 l - 13 poisoned needles
Wands
 a - a wand of random effects (20)
 b - a wand of scattershot (4)
 p - a wand of flame (30)
Scrolls
 d - 2 scrolls of fear {!r}
 f - a scroll of teleportation {!r, unknown}
 g - a scroll of enchant weapon {!r, unknown}
 h - 2 scrolls of fog {!r}
 i - 3 scrolls of remove curse {!r}
 j - a scroll of blinking {!r}
Potions
 e - a potion of ambrosia {!q, unknown}
 m - a potion of degeneration {!q, unknown}
 o - a potion of brilliance {!q, unknown}
Comestibles
 c - 9 rations
 n - 2 chunks of flesh


   Skills:
 + Level 3.8 Fighting
 + Level 3.7 Dodging
 * Level 7.8 Unarmed Combat
 - Level 2.5 Spellcasting
 - Level 3.0 Transmutations


You had 6 spell levels left.
You knew the following spells:

 Your Spells              Type           Power        Failure   Level  Hunger
a - Beastly Appendage     Tmut           ##....       6%          1    #......
b - Sticks to Snakes      Tmut           ##......     9%          2    ##.....
e - Spider Form           Tmut/Pois      #.........   32%         3    ###....

Your spell library contained the following spells:

 Spells                   Type           Power        Failure   Level  Hunger
 Ice Form                 Ice/Tmut       #.......     71%         4    #####..
 Blade Hands              Tmut           ##........   85%         5    ######.


Dungeon Overview and Level Annotations

Branches:
Dungeon (5/15)
 Temple: D:4-7

Altars:
Nemelex Xobeh
Okawaru
Sif Muna
Xom

Annotations:
D:4 exclusion: phantom


Innate Abilities, Weirdness & Mutations

You cannot wear most types of armour.
You are very stealthy in the water. (Stealth+)
You are amphibious.
You can wear up to eight rings at the same time.
You can use your tentacles to constrict eight enemies at once.
Your skin changes colour to match your surroundings (Stealth+).
Your rubbery body absorbs attacks. (AC +1, EV +1)


Message History

Found 19 gold pieces.
An orc wizard comes into view. It is wielding a +0 dagger.
The howler monkey hits you.
You tentacle-slap the howler monkey. You grab the howler monkey.
You squeeze the howler monkey.
The howler monkey is heavily wounded.
You constrict the howler monkey. The howler monkey closely misses you.
You tentacle-slap the howler monkey.
The howler monkey is almost dead.
You constrict the howler monkey. The howler monkey closely misses you.
You tentacle-slap the howler monkey.
You kill the howler monkey!
The orc wizard casts a spell at you. You resist with some effort.
The orc wizard casts a spell at you. The magic dart hits you!
The teleport trap disappears.
The orc wizard disappears!
All of the chunks of flesh in your inventory have rotted away.
You see here a howler monkey corpse.
You butcher the howler monkey corpse.
n - 2 chunks of flesh You see here a howler monkey skeleton.
You start resting.
An orc priest comes into view. It is wielding a +0 hand axe.
The orc priest shouts!
An orc comes into view. It is wielding a +0 dagger.
The orc shouts!
Casting: Spider Form (safe; 32% risk of failure)
Confirm with . or Enter, or press ? or * to list all spells.
You turn into a venomous arachnid creature.
You hit the orc priest but do no damage.
You bite the orc!
You kill the orc!
Your transformation is almost over.
An ice beast comes into view.
Things that are here:
a +0 dagger; an orc corpse The orc priest misses you.
You hit the orc priest but do no damage.
The orc priest is poisoned.
The orc priest mumbles some strange prayers to Beogh against you.
Beogh smites you!
You barely miss the orc priest. The ice beast hits you.
The ice beast freezes you!
* * * LOW HITPOINT WARNING * * *
The orc priest closely misses you.
You barely miss the orc priest. The ice beast closely misses you.
The orc priest hits you with a +0 hand axe.
* * * LOW HITPOINT WARNING * * *
You closely miss the orc priest. The ice beast closely misses you.
The orc priest completely misses you.
You bite the orc priest!
The orc priest looks as sick as possible!
The orc priest is heavily wounded.
The ice beast hits you.
* * * LOW HITPOINT WARNING * * *
The ice beast freezes you!
* * * LOW HITPOINT WARNING * * *
The orc priest barely misses you.
Unknown command.
Your transformation has ended.
The orc priest mumbles some strange prayers to Beogh against you.
Pain shoots through your body!
You die...

## ....... .. .......
#.#....... .........
......... #........
########........
##...#@.o........
##...[...Y)####.##
#...........# ..#
##### ............#
#.# ≈..###
#$..........# #.#
...≈.## ##.......÷.##
#.#
#⌠≈...####..........#
#<#
##≈.≈..##...####.##.#
#.##### ≈#≈##⌠≈##...#
#.##.## #.....#


You could see an ice beast and an orc priest.

Vanquished Creatures
  Grinder (D:5)
  Eustachio (D:5)
  Menkaure (D:4)
  Duvessa (D:4)
  2 scorpions (D:4)
  Dowan (D:4)
  A crimson imp (D:5)
  A howler monkey (D:5)
  A hound (D:5)
  A bullfrog skeleton (D:5)
  Ijyb (D:4)
  3 worker ants
  2 oozes
  2 worms
  2 dart slugs
  3 leopard geckos
  5 orcs
  3 giant cockroaches
  2 goblins (D:1)
  A hobgoblin (D:1)
  5 jackals
  3 quokkas
  2 bats
  A frilled lizard (D:1)
  A jackal zombie (D:5)
  2 kobolds
  A quokka skeleton (D:4)
  9 rats
59 creatures vanquished.

Vanquished Creatures (collateral kills)
  An ogre (D:4)
1 creature vanquished.

Grand Total: 60 creatures vanquished

Notes
Turn   | Place    | Note
-------+----------+-------------------------------------------
     0 | D:1      | Amnesiac the Octopode Transmuter began the quest for the
                  | Orb.
     0 | D:1      | Reached XP level 1. HP: 13/13 MP: 3/3
   508 | D:1      | Reached XP level 2. HP: 17/18 MP: 5/5
   517 | D:1      | Learned a level 2 spell: Sticks to Snakes
   937 | D:2      | Reached XP level 3. HP: 20/23 MP: 3/6
  1583 | D:3      | Learned a level 3 spell: Spider Form
  1590 | D:3      | Found a sparkling altar of Nemelex Xobeh.
  1591 | D:3      | Found an iron altar of Okawaru.
  1674 | D:3      | Found a deep blue altar of Sif Muna.
  1736 | D:4      | Noticed a scorpion
  1756 | D:4      | Killed a scorpion
  1756 | D:4      | Reached XP level 4. HP: 29/29 MP: 1/7
  1804 | D:4      | Noticed an ogre
  1833 | D:4      | Killed an ogre
  1833 | D:4      | Reached skill level 4 in Unarmed Combat
  1833 | D:4      | Reached XP level 5. HP: 28/34 MP: 2/8
  2248 | D:4      | Noticed Menkaure
  2271 | D:4      | Killed Menkaure
  2271 | D:4      | Reached skill level 5 in Unarmed Combat
  2271 | D:4      | Reached XP level 6. HP: 41/41 MP: 9/9
  2302 | D:4      | Noticed Dowan
  2318 | D:4      | Noticed a phantom
  2341 | D:4      | Killed Dowan
  2411 | D:4      | Noticed Ijyb
  2421 | D:4      | Killed Ijyb
  2444 | D:4      | Noticed Duvessa
  2726 | D:4      | Killed Duvessa
  2726 | D:4      | Reached skill level 6 in Unarmed Combat
  2726 | D:4      | Reached XP level 7. HP: 25/46 MP: 6/10
  3062 | D:5      | Entered Level 5 of the Dungeon
  3145 | D:5      | HP: 1/46 [hound (4)]
  3481 | D:5      | Found a shimmering altar of Xom.
  3564 | D:5      | Noticed Eustachio
  3596 | D:5      | Killed Eustachio
  3596 | D:5      | Reached skill level 7 in Unarmed Combat
  3777 | D:5      | Noticed Grinder
  3786 | D:5      | Killed Grinder
  3786 | D:5      | Reached XP level 8. HP: 42/54 MP: 11/11
  3855 | D:5      | Killed from afar by an orc priest

Vault maps used:
D:1:      dpeg_arrival_circle_labyrinth_a
D:2:      grunt_qazlal_clouds, uniq_natasha, uniq_jessica
D:3:      lemuel_round_altar, led_sif_book, amethyst_overflow_temple_binary
D:4:      first_ration, uniq_duvessa, uniq_menkaure, uniq_ijyb
D:5:      tgw_xom, uniq_eustachio, uniq_blork_the_orc, uniq_grinder

Skill      XL: |  1  2  3  4  5  6  7 |
---------------+----------------------+-----
Fighting       | 2 3 |  3.8
Unarmed Combat | 4 5 6 7 |  7.8
Transmutations | 3 |  3.0
Dodging        | 3 |  3.7
Spellcasting   | |  2.5

Action                   |  1- 3 |  4- 6 |  7- 9 || total
-------------------------+-------+-------+-------++-------
Melee: Unarmed           |    78 |    55 |    52 ||   185
       Constrict         |    20 |     5 |    10 ||    35
       Tentacles         |    13 |     5 |     8 ||    26
       Punch             |     2 |     3 |     1 ||     6
 Cast: Sticks to Snakes  |     3 |     9 |       ||    12
       Spider Form       |       |     6 |     4 ||    10
Evoke: Wand              |       |       |     1 ||     1
  Use: Scroll            |       |     5 |       ||     5
       Potion            |       |     1 |       ||     1
 Stab: Sleeping          |     2 |       |     1 ||     3
  Eat: Chunk             |     3 |     4 |     5 ||    12
Armor: Skin              |     5 |     4 |     3 ||    12
Dodge: Dodged            |    38 |    33 |    23 ||    94

Table legend:
 A = Non-vault XP
 B = Vault XP
 C = Vault XP percentage of total XP
 D = Non-vault monster count
 E = Vault monster count
 F = Vault count percentage of total count
                 A         B        C        D         E       F
            +---------+---------+-------+---------+---------+-------
      Total |     560 |     887 |  61.3 |      54 |       6 |  10.0
            +---------+---------+-------+---------+---------+-------
        D:1 |      31 |       0 |   0.0 |      17 |       0 |   0.0
        D:2 |       7 |       0 |   0.0 |       3 |       0 |   0.0
        D:3 |      23 |       0 |   0.0 |      10 |       0 |   0.0
        D:4 |     228 |     417 |  64.7 |      13 |       4 |  23.5
        D:5 |     271 |     470 |  63.4 |      11 |       2 |  15.4
            +---------+---------+-------+---------+---------+-------
